 Dungeon Crawl Stone Soup version 0.31-a0-828-gb7646bb5e3 (webtiles) character file.

Game seed: 4021378968503054015

41 Majang the Chopper (level 3, -6/28 HPs)
             Began as a Mummy Gladiator on Sept 24, 2023.
             Killed from afar by Sigmund (18 damage)
             ... with a puff of flame
             ... on level 2 of the Dungeon.
             The game lasted 00:06:44 (1441 turns).

Majang the Chopper (Mummy Gladiator)                Turns: 1441, Time: 00:06:45

Health: -6/28      AC: 13    Str: 19    XL:     3   Next: 32%
Magic:  3/3        EV:  8    Int:  7    God:
Gold:   102        SH:  0    Dex: 13    Spells: 2/2 levels left

rFire   x . .        a - +0 war axe
rCold   + . .        (no shield)
rNeg    + + +        g - +0 chain mail
rPois   ∞            c - +0 helmet
rElec   .            (no cloak)
rCorr   .            (no gloves)
SInv    .            (no boots)
Will    .....        (no amulet) Stlth
                     f - +4 ring of protection
HPRegen 0.24/turn    (no ring)
MPRegen 0.08/turn

%: faith
@: no status effects
A: cold resistance 1, negative energy resistance 3, torment resistance 2, heat
vulnerability 1, in touch with death 1, no potions, faith
a: no special abilities


You were on level 2 of the Dungeon.
You visited 1 branch of the dungeon, and saw 2 of its levels.

You collected 102 gold pieces.

Inventory:

Hand Weapons
 a - a +0 war axe (weapon)
Missiles
 d - 3 throwing nets (quivered)
 e - a javelin
Armour
 b - a +0 leather armour
 c - a +0 helmet (worn)
 g - a +0 chain mail (worn)
Jewellery
 f - a +4 ring of protection (left hand)
 j - a ring of magical power
Scrolls
 h - 2 scrolls of teleportation {unknown}
 i - a scroll of poison {unknown}
 k - a scroll of blinking {unknown}
 l - a scroll of revelation {unknown}
 m - a scroll of enchant weapon {unknown}


   Skills:
 + Level 2.7 Fighting
 * Level 3.2 Axes
 - Level 1.5 Throwing
 - Level 2.4 Dodging


You had 2 spell levels left.
You didn't know any spells.
Your spell library contained the following spells:

 Spells                   Type           Power      Damage    Failure   Level
 Ensorcelled Hibernation  Hex/Ice        0%         N/A       100%        2
 Passwall                 Tmut/Erth      0%         N/A       100%        2
 Swiftness                Air            0%         N/A       100%        3


Dungeon Overview and Level Annotations

Branches:
Dungeon (2/15)

Altars:

Annotations:
D:2 Sigmund


Innate Abilities, Weirdness & Mutations

You are immune to poison.
Your flesh is cold resistant. (rC+)
You are immune to negative energy. (rN+++)
You are immune to unholy pain and torment.
You are vulnerable to heat. (rF-)
You are in touch with the powers of death.
You do not drink.
You have a special connection with the divine. (Faith)


Message History

The endoplasm hits you but does no damage.
You slash the endoplasm!
You kill the endoplasm!
Found 10 gold pieces.
A kobold comes into view. It is wielding a +0 dagger.
Sigmund the Dreaded comes into view.
He is wielding a +2 scythe of venom.
Sigmund mumbles some strange words.
Sigmund flickers and vanishes!
Deactivating autopickup; reactivate with Ctrl-A.
A puff of flame appears from out of thin air!
The puff of flame hits you but does no damage.
You see here 4 gold pieces.
You now have 102 gold pieces (gained 4).
You closely miss the kobold. The kobold hits you but does no damage.
You hit the kobold.
The kobold is moderately wounded.
Something hits you. The kobold completely misses you.
You slash the kobold!
You kill the kobold!
Something hits you.
You see here a +0 dagger.
Something hits you but does no damage.
You hit something. Something hits you but does no damage.
You miss something. Something hits you but does no damage.
You barely miss something.
You hear some strange, mumbled words.
A puff of flame appears from out of thin air!
The puff of flame hits you. The fire burns you terribly!
You closely miss something.
You hear some strange, mumbled words.
A puff of flame appears from out of thin air!
The puff of flame hits you.
You barely miss something. Something hits you.
You hit something. Something hits you!
You closely miss something.
You hear some strange, mumbled words.
A puff of flame appears from out of thin air!
The puff of flame hits you!! The fire burns you terribly!
Ouch! That really hurt!
You die...

...............###
...................
#...............#
+...............# ###+#####
#...............# #........
#...............###........
#.................+........
#...............{##........
#...............@)....#
#................####.#
#......####..###.####.#
#......# #..# #......####+##
#......####..# ##...........#
#......+..#..## #...........#
#..<...##.....# #...........#
#......##.....# #..........)#
#......##.....###...........#


There were no monsters in sight!

Vanquished Creatures
  A dart slug (D:1)
  2 ball pythons
  6 bats
  5 endoplasms
  2 giant cockroaches (D:2)
  4 goblins
  2 hobgoblins (D:1)
  4 jackals (D:1)
  2 quokkas (D:1)
  A frilled lizard (D:1)
  3 kobolds (D:2)
  2 rats (D:2)
34 creatures vanquished.

Notes
Turn   | Place    | Note
-------+----------+-------------------------------------------
     0 | D:1      | Majang the Mummy Gladiator began the quest for the Orb.
     0 | D:1      | Reached XP level 1. HP: 16/16 MP: 1/1
    90 | D:1      | Reached XP level 2. HP: 22/22 MP: 2/2
   370 | D:1      | Reached skill level 3 in Axes
   701 | D:1      | Reached XP level 3. HP: 27/28 MP: 3/3
  1417 | D:2      | Noticed Sigmund
  1441 | D:2      | Killed from afar by Sigmund

Illustrated notes

Levels and vault maps discovered:
D:1:      ebering_trefoil_3fold, layout_rooms, serial_co_window_serial,
          co_window_corner_a, co_window_corner_a, co_window_corner_a,
          co_window_corner_a, co_window_paths_b, co_window_corner_b,
          co_window_2corner, co_window_of_opportunity_b, co_window_corner_b,
          co_window_broadway_b, co_window_2corner, co_window_corner_ca,
          co_window_paths_e, co_window_sun, glass_columns_b, glass_columns_b,
          glass_columns_c, glass_columns_c, glass_columns_a
D:2:      minmay_wonky_spiral, layout_basic, serial_shops, shop, uniq_sigmund

Skill      XL: |  1  2 |
---------------+-------+-----
Axes           | 3 |  3.2
Fighting       | |  2.7
Throwing       | |  1.5
Dodging        | |  2.4

Action                     || total
---------------------------++-------
  Melee: War axe           ||    90
 Armour: Leather armour    ||    12
         Chain mail        ||    72
  Dodge: Dodged            ||    43

Table legend: (Time is in decaauts)
 A = Elapsed time spent in this place.
 B = Non-inter-level travel time spent in this place.
 C = Inter-level travel time spent in this place.
 D = Time resting spent in this place.
 E = Time spent auto-exploring this place.
 F = Levels seen in this place.
 G = Mean time per level.
                   A        B        C        D        E       F      G
               +--------+--------+--------+--------+--------+-----+--------+
         Total |   1471 |   1209 |    262 |      0 |    191 |   2 |  735.5 |
       Dungeon |   1471 |   1209 |    262 |      0 |    191 |   2 |  735.5 |
               +--------+--------+--------+--------+--------+-----+--------+

Top non-repeatable levels by time:
     D:1: 1144 daAuts
     D:2: 326 daAuts
